 Dungeon Crawl Stone Soup version 0.18.1-48-g4cf74bf (webtiles) character file.

144 senseless the Skirmisher (level 5, -4/43 HPs)
             Began as a Demonspawn Fighter on July 19, 2016.
             Killed by divine providence
             ... invoked by an orc priest
              (14 damage)
             ... on level 3 of the Dungeon.
             The game lasted 00:04:20 (1854 turns).

senseless the Skirmisher (Demonspawn Fighter)       Turns: 1854, Time: 00:04:21

Health: -4/43      AC:  6    Str: 16    XL:     5   Next: 5%
Magic:  5/5        EV:  6    Int: 10    God:
Gold:   147        SH:  9    Dex: 13    Spells: 0 memorised, 4 levels left

rFire  + . .     SeeInvis .     a - +0 war axe
rCold  . . .     Gourm    .     b - +0 scale mail
rNeg   . . .     Faith    .     c - +0 shield
rPois  .         Spirit   .     (no helmet)
rElec  .         Dismiss  .     (no cloak)
rCorr  .         Reflect  .     (no gloves)
SustAt .         Harm     .     (no boots)
MR     .....                    (no amulet)
Stlth  ..........               (no ring)
                                (no ring)

@: not resistant to hostile enchantments, extremely unstealthy
A: fire resistance 1, spiny 1
a: no special abilities


You were on level 3 of the Dungeon.
You were not hungry.

You visited 1 branch of the dungeon, and saw 3 of its levels.

You collected 147 gold pieces.

Inventory:

Hand Weapons
 a - a +0 war axe (weapon)
Armour
 b - a +0 scale mail (worn)
 c - a +0 shield (worn)
Wands
 n - a wand of iceblast (10/15)
Scrolls
 g - a scroll of teleportation {unknown}
 h - 3 scrolls of identify {unknown}
 j - 2 scrolls of immolation {unknown}
 l - 3 scrolls of remove curse {unknown}
 m - 4 scrolls of fog {unknown}
 q - 2 scrolls of recharging {unknown}
Potions
 d - a potion of might
 e - 2 potions of flight {unknown}
 i - 2 potions of agility {unknown}
 k - a potion of heal wounds {unknown}
 p - a potion of berserk rage {unknown}
 s - a potion of mutation {unknown}
Books
 o - a book of Necromancy

   Spells                             Type                      Level
   a - Pain                           Necromancy                   1
   b - Animate Skeleton               Necromancy                   1
   c - Vampiric Draining              Necromancy                   3
   d - Regeneration                   Charms/Necromancy            3
   e - Animate Dead                   Necromancy                   4
   f - Control Undead                 Necromancy                   4
Comestibles
 f - 4 bread rations
 r - 2 beef jerkies
 t - 6 chunks of flesh


   Skills:
 * Level 4.4 Fighting
 + Level 2.6 Axes
 + Level 3.3 Armour
 + Level 3.1 Shields


You had 4 spell levels left.
You didn't know any spells.

Dungeon Overview and Level Annotations

Branches:
Dungeon (3/15)

Altars:
Ru


Innate Abilities, Weirdness & Mutations

Your flesh is heat resistant.
You are partially covered in sharp spines.


Message History

You closely miss the orc wizard.
The orc wizard is lightly wounded.
You feel yourself speed up.
The orc wizard is struck by your spines.
The orc wizard hits you with a dagger. You block the orc wizard's attack.
The dart slug bites you.
The orc wizard is struck by your spines.
The orc wizard hits you with a dagger.
* * * LOW HITPOINT WARNING * * *
You are too injured to fight recklessly!
You are too injured to fight recklessly!
You closely miss the orc wizard.
The orc wizard is severely wounded.
You hit the dart slug.
The dart slug is moderately wounded.
The orc wizard hits you but does no damage.
You block the dart slug's attack.
The orc priest calls down the wrath of Beogh upon you.
Beogh smites you!
You die...

≈≈≈≈≈≈≈≈≈#≈≈#≈≈ ......##.##.###
w≈≈≈≈≈≈≈≈≈≈≈≈≈≈ ............)..
≈≈)<≈≈?..≈≈.≈≈≈ .......#.###.##
#≈...r?<⌠.?..≈≈ #.####.#.###.#
≈≈.≈≈≈$..≈..⌠#≈ #.####.#..##.#
≈≈≈.≈≈≈≈≈≈≈≈r≈≈ #.......#.##.#
≈≈#≈≈≈≈≈≈≈≈≈≈o≈ #.####..#.##.#
w≈≈≈#≈≈≈≈≈≈≈≈≈o####.####.......#
#≈##≈≈≈≈≈##≈≈≈ww@......#..#.##.##
.. ≈w≈≈≈≈≈≈≈≈..o###.##.#..#.#....
..≈≈≈≈≈≈≈.##.# ##....#..#...... ≈
#. ##.###....###..#. . ...
#.........## ##
###.###.....##....
##....##..###### ####.##........#
#........#...#.#


You could see an orc priest, an orc wizard, 2 dart slugs, an orc and a quokka.

Vanquished Creatures
  An orc priest (D:3)
  3 gnolls (D:2)
  2 adders (D:2)
  2 oozes
  3 worms
  3 dart slugs (D:3)
  3 orcs (D:3)
  4 giant cockroaches
  A goblin (D:1)
  6 hobgoblins
  3 jackals (D:3)
  4 bats
  4 kobolds
  5 rats
44 creatures vanquished.

Notes
Turn   | Place    | Note
--------------------------------------------------------------
     0 | D:1      | senseless the Demonspawn Fighter began the quest for the Orb.
     0 | D:1      | Reached XP level 1. HP: 18/18 MP: 1/1
   156 | D:1      | Gained mutation: Your flesh is heat resistant. [demonic ancestry]
   156 | D:1      | Reached XP level 2. HP: 24/24 MP: 2/2
   722 | D:2      | Reached XP level 3. HP: 21/30 MP: 3/3
  1050 | D:2      | Found a sacrificial altar of Ru.
  1178 | D:2      | Reached skill level 4 in Fighting
  1288 | D:2      | Gained mutation: You are partially covered in sharp spines. [demonic ancestry]
  1288 | D:2      | Reached XP level 4. HP: 34/37 MP: 4/4
  1845 | D:3      | Reached XP level 5. HP: 38/43 MP: 5/5
  1854 | D:3      | Killed from afar by an orc priest

Skill      XL: |  1  2  3 |
---------------+----------+-----
Axes           | 2 |  2.6
Armour         | 3 |  3.3
Fighting       | 4 |  4.4
Shields        | 3 |  3.1

Action                   |  1- 3 |  4- 6 || total
-------------------------+-------+-------++-------
Melee: War axe           |    85 |    51 ||   136
  Eat: Chunk             |     1 |     2 ||     3
Armor: Scale mail        |    33 |    15 ||    48
Dodge: Dodged            |    23 |    17 ||    40
Block: Shield            |    41 |    30 ||    71
